Unix NetHack Version 5.0.0-0 post-release - last build Jun 10 2026 00:39:30 (3ee93aec679c4c4259841fe613dc97188e26a321,branch:main).

Game began 2026-06-19 23:48:44, ended 2026-06-20 00:09:44.

Kwijibo4686, neutral female human Valkyrie

                                                       ------
                                                       |....-------
                                                      --..|.......-------
                                                      |..-|..----...--.*|
                                                      |.------ |........|
  ---                                            ------.|      |........--
 |..|          .-- |...... ...    ...         |..|...[)`|      ---.......--
 |..-----     ...---......-...-   ...        --.....----         |........|
  -`.)..---   ................-----.----------.......|           ---......|
  |.--....------.....................................|             |.....--
  |.|--..M%.............----------------------...--.--             |...---
  |.| --.@-------.....---                    ....----              |.---
  |.|  |-.|     |.....                       -...                  |.-------
  |.| --..|                                                        |<..||..---
  |.| |...|                                                        ---.--*...|
 --.| --..|                                                          |.......--
 |.^-- ----                                                          |-.......|
--...|                                                               |...-...--
|....|                                                               --.....--
--..--                                                                --.|.--
 ----                                                                  -----
Kwijibo4686 the Fighter     St:18 Dx:14 Co:18 In:9 Wi:9 Ch:7  Neutral
Dlvl:9  $:0  HP:0(69) Pw:14(14) AC:-5 Xp:7 T:2335  Burdened

Latest messages:
 There is a partly eaten gnome corpse here; eat it? [ynq] (n) y
 You resume your meal.
 You stop eating the gnome corpse.
 There is a partly eaten gnome corpse here; eat it? [ynq] (n) y
 You resume your meal.
 You finish eating the gnome corpse.
 The dwarf misses!
 You kill the dwarf!
 You hear a distant zap.
 You hear something crash through the floor.
 You see here 3 daggers.
 You swap places with your kitten.
 You see here an oilskin cloak.
 You have a little trouble lifting q - an oilskin cloak.
 What do you want to wear? [q or ?*] q
 The oilskin cloak fits very tightly.
 You are now wearing an oilskin cloak.
 You see here 3 daggers.
 You hear some noises in the distance.
 Click!  You trigger a rolling boulder trap!
 You are hit by a boulder.
 With great effort you move the boulder.
 You kill the hobbit!
 You hear some noises in the distance.
 There is a hobbit corpse here; eat it? [ynq] (n) y
 Blecch!  Rotten food!
 You finish eating the hobbit corpse.
 You swap places with your housecat.
 You hit the Grey-elf!
 The Grey-elf thrusts her elven short sword.
 The Grey-elf hits!
 You hit the Grey-elf.
 The Grey-elf thrusts her elven short sword.
 The Grey-elf just misses!
 You hit the Grey-elf!
 The Grey-elf reads a scroll labeled DAIYEN FOOELS!
 An ettin mummy suddenly appears next to you!
 You miss the Grey-elf.
 The ettin mummy hits!
 The ettin mummy hits again!
 The Grey-elf thrusts her elven short sword.
 The Grey-elf misses!
 You kill the Grey-elf!
 You hit the ettin mummy!
 The ettin mummy hits!
 The ettin mummy hits again!
 You hit the ettin mummy!
 The ettin mummy hits!
 You die...
 Do you want your possessions identified? [ynq] (y) q

Inventory:
 Weapons  (')')
  W - a +1 spear (weapon in right hand)
 Armor    ('[')
  F - an uncursed +0 dwarvish iron helm (being worn)
  i - an uncursed +0 pair of iron shoes (being worn)
  c - an uncursed +3 small shield (being worn)
  q - an uncursed +0 oilskin cloak (being worn)
  E - an uncursed +0 banded mail (being worn)
 Comestibles  ('%')
  n - 2 uncursed lembas wafers
  z - an uncursed lizard corpse
 Scrolls  ('?')
  o - an uncursed scroll of enchant armor
 Wands    ('/')
  V - a cursed wand of cancellation (0:5)
  N - a wand of create monster (0:14)
  H - a wand of magic missile (0:5)
  I - a cursed wand of magic missile (0:4)
 Tools    ('(')
  a - an uncursed sack containing 23 items
  x - an uncursed blindfold
  Y - a cursed magic lamp (lit)
  p - an uncursed magic whistle
  t - a +0 pick-axe
 Gems/Stones  ('*')
  A - an uncursed luckstone

Contents of the sack:
  145 gold pieces
  a +0 dagger
  an uncursed scroll of fire
  a cursed scroll of charging
  a blessed scroll of genocide
  an uncursed scroll of magic mapping
  a blessed scroll of identify
  a cursed scroll of enchant weapon
  a blessed scroll of earth
  an uncursed scroll of light
  a cursed potion of healing
  an uncursed potion of object detection
  a cursed potion of object detection
  a cursed potion of paralysis
  a cursed potion of gain energy
  a cursed potion of gain ability
  a cursed potion of levitation
  an uncursed potion of oil
  a cursed potion of oil
  a cursed potion of monster detection
  2 cursed potions of speed
  a cursed potion of extra healing
  a cursed potion of restore ability

Kwijibo4686 the Valkyrie's attributes:

Background:
 You were a Fighter, a level 7 human Valkyrie.
 You were neutral, on a mission for Odin
 who was opposed by Tyr (lawful) and Loki (chaotic).
 You were right-handed.
 You were in the Gnomish Mines, on level 9.
 You entered the dungeon 2335 turns ago.
 It was the midnight hour.
 You had 778 experience points, 502 more were needed to attain level 8.

Basics:
 You had 0 out of 69 hit points.
 You had all 14 energy points (spell power).
 Your armor class was -5.
 Your wallet was empty, but
 you had 145 zorkmids stashed away in your pack.
 Autopickup was on for '$?!/="' plus thrown.

Final Characteristics:
 Your strength was 18 (limit:18/100).
 Your dexterity was 14 (limit:18).
 Your constitution was 18 (limit:18).
 Your intelligence was 9 (limit:18).
 Your wisdom was 9 (limit:18).
 Your charisma was 7 (limit:18).

Final Status:
 You weren't hungry.
 You were burdened; movement was slightly slowed.
 You were wielding a spear.
 You had basic skill with spear.

Final Attributes:
 You were piously aligned.
 You were cold resistant.
 You were stealthy.
 You were guarded.
 You were fast.
 You were lucky.
 You had extra luck.
 Bad luck did not time out for you.
 Good luck did not time out for you.
 You are dead.

Miscellaneous:
 You encountered 1 bones level.
 Total elapsed playing time was 20 minutes and 57 seconds.

Major events:
 Turn
    1: Kwijibo4686 the neutral human Valkyrie entered the dungeon
  921: attained the rank of Skirmisher (level 3)
  970: entered the Gnomish Mines
 1651: attained the rank of Fighter (level 6)
 1750: reached Mine Town
 2335: killed by an ettin mummy

You didn't know any spells.

Skills:
 Fighting Skills
   bare handed combat [Unskilled]
   two weapon combat  [Unskilled]
   riding             [Unskilled]
 Weapon Skills
   dagger             [Basic]
   axe                [Unskilled]
   pick-axe           [Unskilled]
   short sword        [Unskilled]
   broadsword         [Unskilled]
   long sword         [Unskilled]
   two-handed sword   [Unskilled]
   saber              [Unskilled]
   hammer             [Unskilled]
   quarterstaff       [Unskilled]
   polearms           [Unskilled]
   spear              [Basic]
   trident            [Unskilled]
   lance              [Unskilled]
   sling              [Unskilled]
 Spellcasting Skills
   attack spells      [Unskilled]
   escape spells      [Unskilled]

Voluntary challenges:
 Character rerolling was not enabled.
 You were illiterate.
 You never genocided any monsters.
 You never polymorphed an object.
 You never changed form.
 You used no wishes.
Achievements:
 You attained the rank of Skirmisher.
 You entered the Gnomish Mines.
 You attained the rank of Fighter.
 You entered Minetown.
 You entered a temple.
 You entered a shop.

 The Dungeons of Doom: levels 1 to 5
    Level 1:
    Level 2:
       Some fountains.
    Level 3:
       Many trees.
    Level 4:
       Some fountains.
       Stairs down to The Gnomish Mines.
    Level 5:
       A fountain.
 The Gnomish Mines: levels 5 to 9
    Level 5:
    Level 6:
    Level 7:
    Level 8:
       Many shops, a temple and an altar, some fountains, some graves.
       Final resting place for
          Drastanta-Sam-Hum-Mal-Law, killed by a chameleon imitating a golden naga,
          irollones-Arc-Hum-Mal-Law, killed by a hill orc.
    Level 9: <- You were here.
       Final resting place for
          you, killed by an ettin mummy.


Vanquished creatures:
  a ghost
  a large cat
  a tengu
  a Grey-elf
  a chameleon
  a winter wolf cub
  a panther
  a lizard
  a dog
  a dwarf leader
  a bugbear
  2 wood nymphs
  a rock mole
  a violet fungus
  4 gnome leaders
  a straw golem
  a little dog
  a floating eye
  8 dwarves
  a homunculus
  a rabid rat
  a giant bat
 an acid blob
  2 hobbits
  2 red molds
 28 gnomes
  a gecko
  2 jackals
  3 goblins
  a lichen
  a kobold zombie
  3 newts
77 creatures vanquished.

No species were genocided or became extinct.

Game over:
                       ----------
                      /          \
                     /    REST    \
                    /      IN      \
                   /     PEACE      \
                  /                  \
                  |   Kwijibo4686    |
                  |      145 Au      |
                  |   killed by an   |
                  |   ettin mummy    |
                  |                  |
                  |                  |
                  |       2026       |
                 *|     *  *  *      | *
        _________)/\\_//(\/(/\)/\//\/|_)_______

Farvel Kwijibo4686 the Valkyrie...

You died in The Gnomish Mines on dungeon level 9 with 3643 points,
and 145 pieces of gold, after 2335 moves.
You were level 7 with a maximum of 69 hit points when you died.

